Map: [ESL] Data-C

Players

LiquidClem (Clem) - Winner!

  • Race: Terran Terran
  • League: Grandmaster
  • Spawn Location: 3:00

Spirit (souL)

  • Race: Terran Terran
  • League: Master
  • Spawn Location: 9:00

Event: HomeStory Cup XXII

VOD

Have the link to the VOD?

Description

Time

  • Played on: Dec. 15, 2022, 8:23 a.m.
  • Length: 23:00

All games in this series

Show
View Real Time Build Order
Export as new Build Order

LiquidClem Terran - Winner!

Build Orders:  

Get SALT Encoding   

  12  0:00  SCV  
  13  0:12  SCV  
  14  0:17  Supply Depot  
  14  0:24  SCV  
  15  0:39  SCV  
  15  0:40  Barracks  
  16  0:44  Refinery  
  16  0:51  SCV  
  16  0:53  Refinery  
  17  1:03  SCV  
  18  1:15  SCV  
  19  1:27  Orbital Command  
  19  1:28  Reaper  
  20  1:33  Supply Depot  
  20  1:42  Factory  
  20  1:53  SCV  
  21  2:00  Reaper  
  22  2:05  SCV  
  23  2:17  Command Center  
  23  2:19  SCV  
  24  2:25  Hellion  
  26  2:31  SCV  
  26  2:32  Barracks Reactor  
  27  2:42  Supply Depot  
  27  2:43  SCV  
  28  2:47  Widow Mine  
  28  2:51  Starport  
  30  2:55  SCV  
  31  3:07  SCV  
  31  3:10  Factory Tech Lab, Marine  
  31  3:12  Marine  
  34  3:18  Refinery  
  35  3:20  SCV  
  35  3:28  Orbital Command  
  35  3:30  Cyclone  
  35  3:32  SCV, Starport Tech Lab  
  39  3:36  Marine x2  
  41  3:44  SCV  
  42  3:52  Raven  
  42  3:54  SCV  
  45  3:56  SCV  
  45  3:59  Supply Depot, Marine x2  
  48  4:07  SCV  
  48  4:08  SCV  
  48  4:09  Cyclone  
  53  4:19  SCV  
  53  4:20  SCV  
  55  4:27  Command Center  
  56  4:31  SCV  
  56  4:32  SCV  
  56  4:33  Supply Depot  
  56  4:36  Raven  
  59  4:39  Marine x2  
  59  4:43  SCV  
  62  4:54  Supply Depot  
  62  4:55  SCV x2, Siege Tank  
  67  5:00  Marine  
  67  5:01  Refinery, Marine  
  69  5:07  Supply Depot, SCV  
  70  5:15  SCV  
  70  5:19  SCV  
  72  5:23  Barracks  
  72  5:24  Barracks  
  72  5:27  SCV  
  73  5:30  Siege Tank  
  73  5:31  Viking, SCV  
  73  5:32  Viking  
  79  5:38  Marine  
  79  5:40  SCV  
  81  5:43  SCV, Stimpack  
  82  5:52  SCV  
  82  5:55  Engineering Bay x2  
  82  5:56  SCV  
  84  6:01  Orbital Command  
  84  6:04  SCV, Siege Tank  
  88  6:06  Viking  
  88  6:08  SCV  
  88  6:10  Viking  
  93  6:13  Barracks Reactor  
  93  6:17  SCV  
  94  6:20  SCV  
  94  6:22  Supply Depot  
  94  6:24  Terran Infantry Weapons Level 1  
  95  6:26  Terran Infantry Armor Level 1  
  95  6:28  SCV  
  95  6:30  SCV  
  95  6:31  Barracks Reactor  
  95  6:32  SCV  
  98  6:33  Supply Depot  
  98  6:37  Siege Tank  
  101  6:43  SCV x2  
  101  6:44  Barracks x2, SCV  
  104  6:48  Marine  
  104  6:50  Marine x2  
  107  6:55  SCV x2  
  107  6:56  SCV  
  107  6:57  Supply Depot, Refinery x2  
  107  6:58  Medivac  
  107  7:00  Medivac  
  114  7:08  SCV x3, Marine x2  
  117  7:19  Supply Depot, Siege Tank, Marine x3  
  117  7:20  SCV  
  117  7:22  SCV  
  125  7:26  Sensor Tower  
  125  7:28  Supply Depot, Combat Shield  
  125  7:34  Barracks Reactor  
  125  7:35  Barracks Reactor, Armory  
  125  7:40  SCV x2, Marine x3  
  125  7:41  Command Center  
  130  7:45  Factory  
  130  7:47  Marine  
  130  7:51  Missile Turret  
  130  7:53  Viking  
  130  7:54  Viking  
  130  7:55  Marine  
  130  7:58  Marine x2  
  135  7:59  Supply Depot  
  135  8:00  Siege Tank  
  135  8:04  Supply Depot, Marine  
  141  8:09  Marine  
  141  8:10  Marine  
  141  8:11  Marine  
  141  8:20  Marine x5  
  141  8:21  Marine  
  141  8:24  Terran Infantry Armor Level 2, Terran Infantry Weapons Level 2  
  141  8:25  Supply Depot  
  147  8:27  Marine  
  147  8:28  Marine  
  147  8:29  Marine  
  147  8:33  SCV, Siege Tank  
  147  8:34  SCV x2  
  155  8:38  Marine x3  
  155  8:39  Terran Vehicle Weapons Level 1  
  157  8:44  Sensor Tower  
  157  8:46  Marine x2  
  157  8:47  SCV x2  
  161  8:49  Marine  
  162  8:58  SCV  
  162  8:59  SCV x2  
  162  9:01  Refinery, Siege Tank  
  162  9:02  Barracks Reactor, Refinery, Viking  
  168  9:04  Viking  
  168  9:06  Marine  
  168  9:07  Marine  
  168  9:08  Marine  
  168  9:09  Marine  
  173  9:10  SCV  
  173  9:11  SCV, Marine  
  173  9:13  Planetary Fortress  
  173  9:15  Marine  
  173  9:16  Marine  
  178  9:17  SCV  
  178  9:22  SCV  
  178  9:25  Marine  
  178  9:29  SCV  
  180  9:32  Missile Turret, Siege Tank  
  179  9:40  Marine  
  179  9:46  Viking, Marine  
  179  9:51  Marine  
  179  9:52  Marine x3  
  180  9:53  Marine  
  180  9:54  Marine x3  
  180  9:56  Siege Tank  
  180  9:57  Command Center  
  180  9:58  Viking, Marine  
  176  10:03  Starport x2  
  176  10:04  Siege Tank, Marine  
  180  10:16  Marine  
  180  10:18  Marine x3  
  180  10:19  Marine x2  
  180  10:20  Marine x3  
  177  10:21  Marine  
  162  10:28  Siege Tank  
  162  10:34  Marine  
  162  10:35  Viking x2, Marine  
  159  10:36  Terran Vehicle Weapons Level 2, Siege Tank, Marine x2  
  159  10:37  Marine x2  
  159  10:39  Orbital Command  
  167  10:44  Starport Tech Lab x2  
  167  10:45  Marine  
  168  10:54  Marine x2  
  168  10:55  Marine x3  
  168  10:56  Marine  
  162  10:59  Marine  
  162  11:00  Siege Tank, Marine  
  162  11:01  Terran Infantry Weapons Level 3  
  162  11:05  Refinery  
  162  11:07  Refinery, Marine x2  
  162  11:09  Medivac x2, Siege Tank  
  171  11:12  SCV, Marine x2  
  171  11:14  SCV x3  
  171  11:15  Sensor Tower  
  171  11:18  Corvid Reactor  
  177  11:19  SCV  
  177  11:24  SCV  
  179  11:29  SCV  
  179  11:30  SCV  
  179  11:31  Raven  
  183  11:35  Command Center  
  183  11:42  Terran Infantry Armor Level 3  
  183  11:45  Refinery  
  183  11:48  Refinery  
  183  11:49  Raven  
  183  11:52  Marine  
  183  11:53  SCV  
  183  11:54  SCV  
  188  11:55  Marine  
  188  11:56  SCV, Marine x5  
  188  12:00  Marine  
  195  12:03  Planetary Fortress  
  195  12:04  Marine  
  195  12:12  Supply Depot  
  193  12:16  Sensor Tower  
  193  12:18  Raven  
  193  12:19  Marine  
  195  12:31  Command Center  
  195  12:32  Missile Turret  
  195  12:34  Viking x2, Marine  
  200  12:38  Marine  
  200  12:39  Raven, Marine  
  200  12:40  Siege Tank  
  200  12:43  Siege Tank  
  200  12:51  SCV  
  188  12:53  SCV  
  189  13:01  Raven  
  189  13:02  Marine  
  189  13:03  SCV, Marine  
  189  13:04  SCV, Marine x3, Viking  
  196  13:09  Command Center, Viking  
  196  13:11  Orbital Command  
  199  13:12  SCV  
  199  13:13  SCV  
  199  13:18  Terran Vehicle Weapons Level 3  
  200  13:22  Starport  
  200  13:45  Command Center  
  200  13:46  Command Center  
  200  13:51  Starport  
  200  13:53  Starport  
  200  13:57  Refinery  
  200  14:00  Refinery  
  198  14:08  Raven  
  196  14:12  Siege Tank  
  196  14:15  Raven  
  196  14:17  Viking  
  196  14:23  Viking x2  
  193  14:30  Planetary Fortress  
  174  14:32  Orbital Command  
  174  14:40  Marine, Hellbat  
  174  14:41  Marine x8  
  174  14:43  Marine  
  177  14:47  Viking  
  177  14:51  Raven  
  179  14:53  Viking  
  179  14:58  Raven, Marine x2  
  179  14:59  Marine x5  
  190  15:02  Marine  
  190  15:05  Siege Tank, Marine  
  190  15:06  Marine  
  194  15:09  Siege Tank  
  194  15:11  SCV  
  194  15:16  Starport Tech Lab, Marine x3  
  194  15:17  Medivac, Starport Reactor x2  
  194  15:21  Marine x2  
  194  15:23  Medivac  
  194  15:26  Orbital Command  
  197  15:28  Marine  
  197  15:33  Raven  
  197  15:34  Refinery  
  197  15:35  Viking  
  198  15:38  Siege Tank  
  198  15:40  Refinery, Raven  
  199  15:47  Viking  
  199  15:54  Hi-Sec Auto Tracking, Neosteel Armor  
  199  15:59  Planetary Fortress  
  199  16:03  Sensor Tower  
  197  16:04  Viking  
  199  16:18  Raven  
  193  16:27  Viking, Raven x2  
  193  16:28  Command Center  
  189  16:44  Hellbat  
  191  16:51  Hellbat  
  193  17:01  Viking, Raven  
  183  17:02  Marine  
  183  17:03  Marine x2  
  183  17:05  Hellbat  
  183  17:06  Viking x2  
  185  17:09  Viking x2  
  185  17:12  Hellion, Raven  
  185  17:13  Raven  
  185  17:14  Marine  
  196  17:19  Marine  
  196  17:20  Marine  
  172  17:26  Hellion  
  172  17:28  Marine x2  
  172  17:29  Marine x2  
  177  17:33  Siege Tank  
  177  17:34  Marine x4  
  177  17:36  SCV  
  180  17:37  Orbital Command, Marine x2  
  180  17:44  Raven  
  182  17:46  Marine x2  
  182  17:47  Marine x2  
  182  17:48  SCV, Siege Tank, Viking x2  
  182  17:50  Terran Vehicle And Ship Armor Level 1, Refinery, Missile Turret  
  196  17:55  Raven  
  196  17:56  Raven  
  178  18:01  Marine  
  178  18:02  Marine x5  
  178  18:04  Marine  
  169  18:05  Siege Tank  
  169  18:06  Marine  
  169  18:08  Marine  
  166  18:16  Viking x2  
  154  18:20  Siege Tank  
  154  18:21  Viking  
  154  18:25  Viking  
  154  18:27  Raven  
  159  18:28  Viking  
  163  18:38  Raven  
  163  18:39  Raven, Marine x5  
  163  18:40  Marine  
  173  18:42  Marine  
  173  18:47  Siege Tank  
  177  19:06  Viking  
  177  19:09  Raven  
  176  19:12  Hellbat  
  160  19:18  Viking  
  160  19:19  Marine x2  
  160  19:20  Hellion, Marine  
  160  19:21  Raven  
  160  19:22  Raven, Marine  
  138  19:28  Siege Tank  
  138  19:30  Marine x4  
  138  19:31  Marine  
  128  19:33  Marine  
  128  19:34  SCV  
  128  19:36  SCV  
  128  19:38  SCV  
  129  19:41  Planetary Fortress  
  128  19:46  Siege Tank  
  128  19:47  SCV  
  128  19:49  SCV  
  128  19:50  SCV, Marine x3  
  128  19:52  Raven  
  139  19:55  SCV x3  
  139  19:58  Marine  
  139  19:59  Marine x3  
  144  20:04  Raven x2  
  144  20:06  Viking x2  
  150  20:07  Orbital Command  
  150  20:12  Marine  
  128  20:19  SCV x2, Marine x2  
  124  20:22  Marine x3  
  124  20:25  SCV  
  124  20:27  Marine x3  
  129  20:35  Siege Tank, Raven  
  134  20:39  Siege Tank  
  134  20:40  Marine  
  134  20:41  Marine x2  
  134  20:42  Marine x2  
  142  20:46  Raven  
  142  20:47  Marine x5  
  149  20:50  Refinery  
  145  20:57  Viking x2  
  145  20:58  Marine  
  145  20:59  Marine x2  
  178  21:04  Viking  
  150  21:07  Siege Tank, Marine x3  
  150  21:10  SCV  
  146  21:11  Refinery, SCV x7  
  146  21:12  SCV  
  153  21:19  Siege Tank  
  153  21:20  Refinery  
  153  21:25  Marine  
  157  21:28  Marine x7  
  157  21:30  SCV  
  165  21:33  SCV x2  
  165  21:39  Viking, Siege Tank, Raven  
  160  21:48  Marine  
  160  21:51  Viking  
  160  21:52  Siege Tank  
  162  21:55  SCV  
  162  21:57  SCV  
  162  21:59  Viking  
  153  22:02  SCV x2  
  153  22:03  SCV  
  153  22:06  Marine x4  
  152  22:09  SCV  
  152  22:11  Siege Tank  
  152  22:15  Marine x4  
  158  22:24  Marine x3  
  158  22:29  Marine  
  156  22:30  SCV x3  
Show
View Real Time Build Order
Export as new Build Order

Spirit Terran 

Build Orders: Gas First Reaper Expand, Hellion Opening 

Get SALT Encoding   

  12  0:00  SCV  
  13  0:12  SCV  
  14  0:17  Supply Depot  
  14  0:24  SCV  
  15  0:29  Refinery  
  15  0:39  SCV  
  16  0:44  Barracks  
  16  0:51  SCV  
  17  1:03  SCV  
  18  1:15  SCV  
  19  1:31  Reaper, Orbital Command  
  20  1:42  Command Center  
  20  1:53  Factory  
  20  1:57  SCV  
  21  2:04  Supply Depot  
  21  2:07  Barracks Reactor  
  21  2:13  SCV  
  22  2:16  Refinery  
  22  2:25  SCV  
  23  2:37  SCV  
  23  2:42  Starport  
  24  2:47  Hellion x2  
  24  2:49  SCV  
  29  2:54  Orbital Command  
  29  2:55  Barracks Tech Lab  
  29  3:01  SCV  
  30  3:09  Hellion x2  
  34  3:13  SCV  
  34  3:17  Refinery  
  36  3:20  SCV  
  36  3:24  Raven  
  36  3:25  SCV  
  39  3:32  Hellion  
  43  3:34  Hellion  
  43  3:39  Supply Depot, Barracks Tech Lab  
  43  3:42  SCV x2  
  45  3:48  Supply Depot  
  45  3:54  SCV  
  46  4:00  SCV  
  47  4:05  Marine x2  
  47  4:06  SCV  
  47  4:07  Raven  
  52  4:12  SCV  
  52  4:13  Supply Depot  
  53  4:18  SCV, Siege Tank  
  53  4:22  Marine  
  53  4:23  Marine  
  59  4:24  SCV  
  59  4:30  SCV  
  61  4:36  Command Center  
  61  4:39  SCV  
  61  4:41  Marine  
  61  4:42  SCV, Marine  
  65  4:50  Raven  
  65  4:51  SCV  
  65  4:52  Supply Depot  
  68  4:54  Supply Depot  
  68  4:56  SCV  
  69  5:03  Marine  
  70  5:12  Refinery, Siege Tank, Marine, SCV x2  
  76  5:25  Supply Depot, SCV x2  
  78  5:28  Barracks  
  78  5:29  Barracks  
  78  5:37  SCV x2  
  80  5:43  Engineering Bay x2  
  80  5:47  Viking  
  80  5:48  Viking  
  80  5:49  SCV x2  
  86  5:53  Siege Tank  
  89  6:01  SCV  
  89  6:02  SCV  
  89  6:03  Stimpack  
  91  6:09  Orbital Command  
  91  6:14  SCV x2  
  91  6:17  Viking  
  94  6:18  Viking  
  94  6:22  Barracks Reactor x2  
  94  6:23  Terran Infantry Weapons Level 1  
  94  6:25  Terran Infantry Armor Level 1  
  96  6:26  SCV x2  
  98  6:36  SCV  
  98  6:37  Marine  
  98  6:38  SCV x2  
  98  6:39  Siege Tank  
  105  6:48  SCV  
  105  6:49  Supply Depot, Barracks  
  105  6:50  Barracks, SCV, Viking  
  109  6:55  Viking, Marine  
  109  6:58  SCV  
  109  7:00  SCV  
  113  7:02  SCV  
  113  7:03  Marine  
  113  7:04  Refinery x2  
  113  7:05  Sensor Tower  
  113  7:06  Marine  
  116  7:09  Marine  
  116  7:10  SCV, Marine  
  116  7:12  SCV  
  116  7:13  Marine  
  116  7:15  Siege Tank  
  124  7:19  Supply Depot, SCV  
  124  7:20  Supply Depot  
  124  7:21  Marine  
  126  7:23  SCV  
  126  7:24  Marine  
  126  7:25  SCV  
  126  7:27  Marine  
  126  7:28  Marine  
  126  7:29  Medivac  
  133  7:30  Marine  
  133  7:38  Barracks Reactor x2  
  133  7:41  Medivac, Marine x2  
  133  7:42  Supply Depot x2  
  133  7:44  Armory  
  137  7:45  Marine  
  137  7:46  Marine  
  137  7:48  Marine  
  140  7:58  Siege Tank, Marine  
  140  7:59  Marine  
  140  8:03  Marine  
  140  8:04  Marine  
  147  8:06  Marine  
  147  8:10  Command Center  
  148  8:15  Marine  
  148  8:16  Marine x4  
  148  8:17  Marine  
  154  8:21  Medivac, Marine x2  
  154  8:22  Medivac  
  154  8:24  Marine  
  161  8:27  Supply Depot  
  161  8:29  Supply Depot  
  161  8:30  Supply Depot  
  161  8:31  Siege Tank  
  161  8:33  Marine  
  165  8:47  Terran Infantry Weapons Level 2  
  165  8:48  Terran Infantry Armor Level 2, Marine x8  
  165  8:51  Marine  
  173  8:57  Factory  
  173  9:02  SCV x2  
  174  9:03  Siege Tank  
  174  9:06  Marine x3  
  174  9:07  Marine  
  181  9:10  Marine  
  181  9:11  Marine x2  
  181  9:12  Sensor Tower  
  181  9:14  SCV  
  184  9:17  Marine  
  184  9:18  Combat Shield  
  184  9:19  Marine  
  184  9:22  SCV  
  188  9:25  Starport, Planetary Fortress  
  188  9:26  SCV, Starport  
  188  9:29  Refinery  
  188  9:30  Refinery  
  188  9:35  Siege Tank  
  188  9:38  SCV, Marine  
  192  9:39  Marine x5  
  197  9:46  Marine  
  197  9:48  Marine  
  197  9:52  Marine  
  196  9:58  Terran Vehicle Weapons Level 1  
  193  10:01  Marine x6  
  199  10:07  SCV  
  175  10:22  Marine  
  175  10:23  Marine  
  175  10:25  Marine  
  175  10:26  Marine  
  146  10:29  Marine  
  146  10:30  Siege Tank  
  146  10:31  Medivac, Marine  
  146  10:34  Marine  
  136  10:37  SCV x4  
  136  10:38  Starport Reactor x2  
  136  10:41  Fusion Core  
  136  10:42  Armory, Marine  
  141  10:49  SCV x4  
  144  10:52  Marine  
  131  10:59  Marine x8  
  131  11:01  SCV x2  
  131  11:02  Siege Tank  
  142  11:04  SCV  
  142  11:05  SCV  
  142  11:08  Command Center, Medivac x2  
  142  11:10  Marine  
  149  11:16  Marine  
  151  11:21  Terran Infantry Weapons Level 3  
  150  11:26  Marine x3  
  150  11:27  Marine  
  150  11:28  Terran Infantry Armor Level 3, Marine  
  150  11:29  Missile Turret x2  
  155  11:33  Factory Tech Lab  
  155  11:36  Siege Tank, Marine  
  155  11:38  Marine x3  
  162  11:40  Terran Vehicle And Ship Armor Level 1  
  162  11:44  Marine  
  162  11:45  Marine  
  162  11:46  Marine x3  
  167  11:52  Terran Ship Weapons Level 1  
  167  11:53  Viking x2  
  167  11:54  Marine  
  172  11:56  Marine x3  
  175  12:02  Marine  
  175  12:03  Marine  
  175  12:04  Marine x3  
  179  12:11  Siege Tank, Marine  
  179  12:14  Marine x3  
  185  12:20  Siege Tank, Marine  
  185  12:21  Marine  
  185  12:22  Marine x3  
  192  12:23  Viking x3  
  192  12:25  Advanced Ballistics  
  192  12:28  Viking  
  200  12:37  Marine  
  200  12:39  Marine  
  199  12:46  Marine  
  199  12:49  Viking  
  186  12:53  Viking  
  186  12:54  Marine x2  
  186  12:56  Marine x5  
  187  13:00  Viking  
  187  13:01  Viking  
  187  13:04  Siege Tank  
  192  13:10  Liberator  
  192  13:19  Liberator  
  195  13:24  Command Center  
  195  13:25  Liberator  
  195  13:26  Viking  
  198  13:28  Refinery  
  198  13:30  Viking  
  198  13:32  Sensor Tower, Starport  
  198  13:33  Refinery  
  200  13:44  Command Center  
  194  13:56  Viking  
  192  14:04  Viking  
  194  14:10  Command Center  
  194  14:16  Viking  
  190  14:18  Viking  
  190  14:22  Terran Ship Weapons Level 2, Terran Vehicle And Ship Armor Level 2  
  186  14:24  SCV x2  
  186  14:28  Viking x2  
  186  14:29  Viking x2  
  186  14:34  Viking  
  186  14:35  Siege Tank  
  189  14:46  Viking  
  189  14:47  Siege Tank  
  189  14:48  Viking  
  194  14:57  Viking  
  194  14:58  Viking  
  194  14:59  Viking  
  200  15:29  Starport Tech Lab  
  200  15:30  Command Center  
  200  15:31  Command Center  
  200  15:32  Smart Servos  
  196  15:37  Command Center  
  196  15:41  Viking  
  196  15:49  Viking  
  198  16:00  Hi-Sec Auto Tracking, Neosteel Armor  
  198  16:12  Viking  
  200  16:24  Refinery  
  198  16:28  Refinery  
  183  16:44  Siege Tank  
  188  16:48  Viking  
  188  16:49  Viking  
  188  16:51  Viking  
  194  16:54  Marine  
  194  16:55  Marine x2  
  194  16:56  Marine x3  
  194  16:59  Marine x3  
  194  17:00  Siege Tank  
  156  17:12  Marine x2  
  156  17:13  Marine  
  156  17:14  Marine x3  
  159  17:16  Siege Tank  
  159  17:17  Marine x3  
  164  17:23  Liberator  
  164  17:24  Liberator x4  
  165  17:30  Marine x2  
  165  17:31  Marine x2  
  165  17:32  Siege Tank, Marine x2  
  165  17:35  Marine  
  166  17:37  Marine  
  167  17:44  Marine  
  167  17:46  Refinery  
  167  17:48  Siege Tank, Marine  
  172  17:52  Marine  
  172  17:55  Marine  
  172  17:57  Marine x2  
  157  18:04  Siege Tank, Marine x3  
  157  18:05  Marine  
  151  18:06  Liberator x3  
  158  18:15  Marine  
  158  18:19  Viking x2  
  155  18:39  Marine x6  
  164  18:42  Planetary Fortress  
  164  18:43  Planetary Fortress  
  164  18:45  Marine  
  164  18:46  Marine  
  163  18:49  Viking, Medivac  
  163  18:52  Viking  
  170  18:57  Marine x3  
  170  19:01  Viking  
  175  19:05  Viking  
  175  19:09  Siege Tank  
  179  19:10  Siege Tank  
  179  19:11  Marine  
  179  19:12  Marine  
  181  19:17  Marine x7  
  137  19:24  Viking x2  
  137  19:28  Marine  
  137  19:29  Viking, Marine  
  131  19:35  Marine x5  
  131  19:36  Marine  
  131  19:37  Marine  
  135  19:46  Marine  
  135  19:47  SCV x2, Marine  
  135  19:48  Siege Tank  
  135  19:52  Siege Tank  
  145  19:53  Marine x5  
  145  19:54  Marine  
  145  19:58  Marine  
  152  20:04  Marine  
  152  20:05  Marine  
  154  20:10  Marine  
  154  20:11  Marine x4  
  147  20:15  Marine  
  147  20:17  Marine  
  147  20:20  Siege Tank  
  119  20:21  Viking x4  
  119  20:22  Marine  
  119  20:23  Marine  
  119  20:27  Viking  
  131  20:28  Marine  
  131  20:29  Marine x3  
  131  20:30  Marine  
  131  20:32  Marine  
  131  20:35  Marine  
  136  20:40  Marine  
  136  20:41  Marine  
  132  20:44  SCV  
  132  20:46  Marine x2  
  132  20:47  Marine x2  
  132  20:48  Marine  
  136  20:50  Marine  
  136  20:53  Marine  
  136  20:56  SCV  
  137  20:57  Marine  
  137  20:59  Marine  
  141  21:04  Marine x4  
  141  21:08  SCV, Medivac x3  
  141  21:09  Medivac  
  141  21:11  Siege Tank, Marine x3  
  147  21:15  Marine  
  147  21:16  Marine  
  152  21:19  SCV  
  152  21:20  SCV  
  152  21:22  Marine  
  155  21:27  Siege Tank, Marine x3  
  155  21:29  Marine x3  
  164  21:34  Marine  
  164  21:35  Marine  
  157  21:42  Marine  
  157  21:45  Marine x2  
  157  21:46  Marine  
  152  21:47  Marine x2  
  152  21:49  Marine  
  152  21:52  Marine  
  152  21:53  Marine  
  141  21:59  Marine  
  141  22:03  Marine x2  
  141  22:04  Marine  
  141  22:05  Siege Tank x2, Marine x2  
  128  22:11  Marine  
  128  22:12  Marine x2  
  131  22:17  Marine  
  131  22:21  Marine x2  
  131  22:22  Marine x2  
  122  22:29  Marine  
  111  22:35  Marine x2  
  111  22:38  Marine x4  
Tags
 
Add a new tag
Caveats
  • Supply blocks, unpowered buildings, or Contaminate may cause inaccurate times.
  • Supply counts are checked every 10 seconds.